 Dungeon Crawl Stone Soup version 0.30-a0-4-ga7cffc901d (webtiles) character file.

Game seed: 12876488330957097824

294198 Flugkiller the Slayer (level 20, -23/206 HPs)
             Began as a Minotaur Fighter on Aug 21, 2022.
             Was an Initiate of Gozag.
             Killed from afar by a black draconian knight (31 damage)
             ... with a bolt of lightning
             ... on level 4 of the Depths.
             The game lasted 00:24:29 (36188 turns).

Flugkiller the Slayer (Minotaur Fighter)           Turns: 36188, Time: 00:24:30

Health: -23/206    AC: 46    Str: 28    XL:     20   Next: 3%
Magic:  19/19      EV: 16    Int:  4    God:    Gozag
Gold:   12142      SH: 17    Dex: 23    Spells: 19/19 levels left

rFire   + + .      SeeInvis .    a - +7 broad axe (freeze)
rCold   + + .      Faith    .    D - +2 kite shield {AC+3}
rNeg    . . .      Spirit   .    E - +10 plate armour {ponderous}
rPois   .          Reflect  .    A - +2 hat
rElec   .          Harm     .    H - scarf {rC+ rF+}
rCorr   .          Rampage  .    b - +2 pair of gloves {Dex+3}
Will    +....                    u - +2 pair of boots of the Orb {Dex+4}
Stlth   ..........               W - amulet of Soczu {rC+ Regen+ Str-2 Dex+3}
HPRegen 0.00/turn                j - +4 ring of slaying
MPRegen 0.16/turn                p - +4 ring of protection

@: gold aura, inhibited regen, slow
A: horns 2, retaliatory headbutt, fire resistance 1, inhibited regeneration,
strong 1
}: 2/15 runes: decaying, gossamer
a: Renounce Religion, Potion Petition, Call Merchant, Bribe Branch


You were on level 4 of the Depths.
You worshipped Gozag.
Gozag was extremely pleased with you.
You visited 7 branches of the dungeon, and saw 35 of its levels.
You also visited: Bailey, Gauntlet, Ice Cave and Volcano.

You collected 14679 gold pieces.
You spent 2488 gold pieces at shops.
You paid 49 gold pieces to Gozag.

Inventory:

Hand Weapons
 a - a +7 broad axe of freezing (weapon)
   (You acquired it on level 9 of the Dungeon)
Missiles
 v - 7 throwing nets (quivered)
Armour
 b - a +2 pair of gloves of dexterity (worn)
   (You found it in a Gauntlet)
 e - the +4 moon troll leather armour {Spirit, Regen++ MP+5}
   (You found it on level 4 of the Lair of Beasts)

   MP:        It affects your magic capacity (+5).
   Regen:     It increases your rate of health regeneration.
 u - the +2 pair of boots of the Orb (worn) {Dex+4}
   (You found it in a Gauntlet)

   Dex:       It affects your dexterity (+4).
 A - a +2 hat (worn)
   (You found it on level 4 of the Dungeon)
 D - a +2 kite shield of protection (worn)
   (You found it in a Gauntlet)
 E - a +10 plate armour of ponderousness (worn)
   (You found it on level 12 of the Dungeon)
 H - a scarf of resistance (worn)
   (You found it on level 2 of the Lair of Beasts)
 R - a +2 cloak of poison resistance
   (You bought it in a shop on level 9 of the Dungeon)
Jewellery
 j - a +4 ring of slaying (left hand)
   (You found it on level 3 of the Dungeon)
 p - a +4 ring of protection (right hand)
   (You found it on level 2 of the Lair of Beasts)
 W - the amulet of Soczu (around neck) {rC+ Regen+ Str-2 Dex+3}
   (You found it on level 4 of the Lair of Beasts)

   [amulet of regeneration]

   Str:       It affects your strength (-2).
   Dex:       It affects your dexterity (+3).
   rC:        It protects you from cold.
   Regen:     It increases your rate of health regeneration.
Wands
 g - a wand of digging (15)
   (You found it on level 11 of the Dungeon)
 k - a wand of iceblast (29)
   (You found it on level 2 of the Dungeon)
 M - a wand of charming (33)
   (You found it on level 5 of the Dungeon)
 N - a wand of light (32)
   (You found it on level 5 of the Dungeon)
Scrolls
 i - a scroll of summoning
 l - 8 scrolls of magic mapping
 t - 8 scrolls of teleportation
 x - 6 scrolls of vulnerability
 z - 3 scrolls of blinking
 G - 4 scrolls of immolation
 K - 7 scrolls of fog
 L - 7 scrolls of poison
 S - a scroll of silence
 V - 2 scrolls of brand weapon
 Z - 2 scrolls of fear
Potions
 d - 11 potions of might
 h - 4 potions of haste
 m - 3 potions of magic
 n - 2 potions of resistance
 o - 4 potions of berserk rage
 q - 9 potions of curing
 r - 4 potions of ambrosia
 w - 5 potions of heal wounds
 B - 7 potions of cancellation
 O - 7 potions of mutation
 P - 7 potions of flight
 Q - 4 potions of lignification
 U - a potion of invisibility
Miscellaneous
 s - a phial of floods
   (You found it in a bailey)
 C - a tin of tremorstones (2/2)
   (You found it on level 12 of the Dungeon)
 F - a condenser vane
   (You found it in an ice cave)
 J - a piece from Xom's chessboard (15/15)
   (You found it in an ice cave)
 X - a phantom mirror
   (You found it on level 4 of the Lair of Beasts)


   Skills:
 + Level 24.1 Fighting
 - Level 16.0 Axes
 + Level 21.9 Armour
 - Level 11.7 Dodging
 - Level 14.0 Shields
 - Level 12.0 Evocations


You had 19 spell levels left.
You didn't know any spells.
Your spell library was empty.

Dungeon Overview and Level Annotations

Branches:
Dungeon (15/15)            Temple (1/1) D:5            Lair (5/5) D:10
  Swamp (4/4) Lair:3       Spider (4/4) Lair:3        Slime (0/5) Lair:4
    Orc (2/2) D:11         Vaults (0/5) D:14         Depths (4/4) D:15
 Bailey (visited)           IceCv (visited)         Volcano (visited)
Gauntlet (visited)
    Elf: Orc:2          Zot: Depths:4

Altars:
Ashenzari
Cheibriados
Dithmenos
Elyvilon
Fedhas
Gozag
Hepliaklqana
Kikubaaqudgha
Makhleb
Nemelex Xobeh
Okawaru
Qazlal
Ru
Sif Muna
Trog
Uskayaw
Vehumet
Wu Jian
Xom
Yredelemnul
Zin
The Shining One
Jiyva

Shops:
D:9 *   Orc:2 (:!   Depths:3 *?((

Portals:
Hell: Depths:1 Depths:2 Depths:3
Abyss: Depths:3
Pandemonium: Depths:2
Ziggurat: Depths:2
Trove: D:12 (give +4 demon whip)

Annotations:
D:8 2 transporters, Pim's ghost, journeyman GnWn
Spider:3 Mara


Innate Abilities, Weirdness & Mutations

You have a pair of horns on your head.
You reflexively headbutt those who attack you in melee.
Your flesh is heat resistant. (rF+)
You do not regenerate when monsters are visible.
Your muscles are strong. (Str +4, Int/Dex -1)


Message History

The white draconian attacks as you move away!
You block the white draconian's attack.
The white draconian breathes frost at you.
The blast of cold hits you but does no damage.
There is an open door here.
The black draconian is no longer moving slowly.
You hear some strange, mumbled words.
The white draconian is distracted by your dazzling golden aura.
The white draconian roars!
You slash the white draconian! You freeze the white draconian.
The white draconian is moderately wounded.
You hear a roar!
You slash the white draconian! You freeze the white draconian.
You headbutt the white draconian!
The white draconian is heavily wounded.
The white draconian hits you but does no damage.
You hit the white draconian. You freeze the white draconian.
You headbutt the white draconian!
The white draconian is severely wounded.
The white draconian is no longer distracted by gold.
The black draconian knight mumbles some strange words.
The black draconian knight seems to speed up.
You hear a shout!
You slash something! You freeze something.
You hear a shout!
You miss something.
The white draconian breathes frost at you.
The blast of cold hits you! You resist.
The white draconian is distracted by your dazzling golden aura.
The white draconian roars!
Something hits you.
The black draconian knight mumbles some strange words.
The black draconian knight flickers and vanishes!
You block the white draconian's attack.
There is an open door, spattered with blood here.
You slice the white draconian!! You freeze the white draconian.
You kill the white draconian!
You closely miss something.
You hear some strange, mumbled words.
A shard of ice appears from out of thin air!
The shard of ice hits you. You partially resist.
You hear some strange, mumbled words.
A bolt of cold appears from out of thin air!
The bolt of cold hits you. You resist.
You slash something! You freeze something! You headbutt something.
You closely miss something.
A bolt of lightning appears from out of thin air!
The bolt of lightning hits you.
The bolt of lightning hits the black draconian.
The black draconian completely resists.
You hear some strange, mumbled words.
A bolt of cold appears from out of thin air!
The bolt of cold misses you.
A stone giant comes into view.
The black draconian roars!
You hit something but do no damage. You headbutt something. You miss something.
Something hits you but does no damage. Space warps around you.
A bolt of lightning appears from out of thin air!
The bolt of lightning hits you!!
The bolt of lightning hits something.
The bolt of lightning hits the black draconian.
The black draconian completely resists.
Something barely misses you.
The black draconian roars!
You slash something! You freeze something. You headbutt something.
You closely miss something.
You hear a roar!
The white draconian is no longer distracted by gold.
You block something's attack. x2
You barely miss something. You headbutt something! You hit something.
You freeze something.
The black draconian breathes lightning at you.
The bolt of lightning hits something.
The bolt of lightning hits you!
A bolt of lightning appears from out of thin air!
The bolt of lightning misses you.
The bolt of lightning hits something.
The bolt of lightning hits the black draconian.
The black draconian completely resists.
You are too injured to fight recklessly!
You are too injured to fight recklessly!
The black draconian roars!
You slash something! You freeze something. You hit something.
You freeze something. Something hits you but does no damage.
Space warps around you.
The black draconian hits you but does no damage.
You hear some strange, mumbled words.
A bolt of cold appears from out of thin air!
The bolt of cold hits you. You resist. Something hits you.
Space warps horribly around you!!
* * * LOW HITPOINT WARNING * * *
The stone giant is distracted by your dazzling golden aura.
Something hits you but does no damage. x2
You feel much better.
A bolt of lightning appears from out of thin air!
The bolt of lightning hits you!!
* * * LOW HITPOINT WARNING * * *
The bolt of lightning hits you!!
* * * LOW HITPOINT WARNING * * *
The bolt of lightning hits something.
A bolt of lightning appears from out of thin air!
The bolt of lightning hits you!!
You die...
Your body crumbles into a pile of gold.

.⌠...⌠.... #....
.......# #..####
.....### #....<#
#...#.# #...###
#Cd#.## ##..#
###d##..## #..##
#.#$#....#+#...#
#.#+#.#'#.##.....#.#
#....@{...####.###.#
###.##{.#####..# #.#
#...........## ..#
##########.## .##
### #


There were no monsters in sight!

Vanquished Creatures
  A juggernaut (Depths:2)
  A golden dragon (Depths:3)
  Nikola (Spider:3)
  Jorgrun (D:15)
  A tentacled monstrosity (Depths:3)
  A walking crystal tome (Depths:3)
  2 titans (Depths:3)
  A lich (Depths:3)
  A quicksilver dragon (Depths:3)
  Gastronok (Lair:3)
  2 thorn hunters (Swamp:4)
  2 tengu reavers
  2 sphinxes
  A shadow dragon (Depths:3)
  2 fire giants
  2 deep elf sorcerers (D:12)
  3 frost giants
  4 ghost moths (Spider:4)
  3 emperor scorpions
  A caustic shrike zombie (Depths:3)
  An orc warlord (Orc:1)
  3 spriggan defenders
  A broodmother (Spider:2)
  7 stone giants
  3 eleionomae
  3 entropy weavers
  A bunyip (Swamp:4)
  5 spark wasps
  A white draconian (Depths:4)
  2 dire elephants (Spider:1)
  Azrael (Orc:2)
  A minotaur (Gauntlet)
  5 ettins
  5 fire dragons
  5 ice dragons
  A vault guard (D:14)
  19 hydras
  3 ghost crabs
  5 rakshasas
  4 boulder beetles
  3 spriggan air magi
  A juggernaut simulacrum (Depths:3)
  2 radroaches
  4 jorogumos
  Erica (Lair:1)
  6 catoblepae
  5 two-headed ogres
  2 ironbound frosthearts (IceCv)
  5 ogre magi
  8 death yaks
  8 centaur warriors
  2 alligators
  2 deep troll shamans (Depths:1)
  A hell hog (Depths:1)
  A deep troll earth mage (Depths:3)
  A soul eater (Depths:2)
  7 tengu warriors
  6 spriggan berserkers
  7 sun demons (Depths:1)
  Nergalle (Orc:2)
  A deep elf knight (Spider:1)
  5 hell knights (Depths:2)
  3 iron trolls
  A sun moth (Spider:4)
  A salamander mystic (Depths:2)
  A storm dragon skeleton (Depths:3)
  3 pharaoh ants
  12 orb spiders
  A fire crab (Gauntlet)
  3 spriggan druids
  10 bog bodies
  2 glowing orange brains
  A goliath frog (Swamp:2)
  A flayed ghost (Depths:1)
  A quicksilver dragon simulacrum (Depths:3)
  6 steelbarb worms
  A wizard (D:12)
  8 deep trolls
  A deep elf archer (Spider:1)
  5 swamp dragons
  10 deep elf pyromancers
  A deep elf zephyrmancer (D:12)
  4 necromancers
  6 orc sorcerers (Orc:2)
  3 shining eyes (Depths:1)
  2 orc knights
  2 salamanders (Depths:2)
  4 will-o-the-wisps
  12 ugly things
  16 wolf spiders
  7 cyclopes
  6 manticores
  8 elephants
  4 moths of wrath
  An ice statue (IceCv)
  4 torpor snails
  2 eyes of devastation (Depths:1)
  5 black mambas
  2 gargoyles
  13 cane toads
  A smoke demon (Depths:2)
  3 orange demons (D:13)
  Maggie (Lair:1)
  A hellion (Depths:1)
  7 rime drakes
  9 kobold demonologists
  9 tengu conjurers
  12 komodo dragons
  A demonic crawler (Spider:1)
  2 efreet
  A freezing wraith (D:14)
  9 meliai
  2 red devils (D:13)
  7 trolls
  13 polar bears
  27 tarantellas
  5 tyrant leeches
  14 hornets
  4 blink frogs (Lair:4)
  14 slime creatures
  4 dream sheep (Lair:5)
  2 shadows
  39 jumping spiders
  19 culicivoras
  Sigmund (D:2)
  5 wyverns
  28 spriggans
  2 wraiths
  A vampire (D:14)
  70 yaks
  Grum (Bailey)
  7 fire bats
  3 fire elementals
  5 basilisks
  A steam dragon (D:10)
  58 redbacks
  22 vampire mosquitoes
  An acid dragon (D:14)
  5 swamp worms
  4 wargs
  11 water moccasins
  8 hell hounds
  5 swamp drakes (Swamp:4)
  4 black bears
  2 ice beasts
  16 orc warriors
  A black bear (shapeshifter) (D:14)
  A sky beast (D:8)
  20 ogres
  41 wolves
  10 centaurs
  A phantom (D:7)
  A kobold brigand (D:8)
  15 gnoll sergeants
  3 necrophages
  2 scorpions (D:5)
  13 bullfrogs
  9 wights
  17 killer bees
  11 howler monkeys
  4 electric eels
  A lava snake (D:14)
  10 hounds
  A jelly (D:7)
  21 orc priests
  8 gnoll boudas
  2 iguanas
  Terence (D:2)
  40 orc wizards
  31 gnolls
  7 adders
  A white imp (D:7)
  2 ufetubi
  2 worms (D:3)
  79 orcs
  6 endoplasms
  4 giant cockroaches
  8 goblins
  6 hobgoblins
  13 kobolds
  4 quokkas
  2 ball pythons
  2 bats
  A frilled lizard (D:1)
  3 rats
1231 creatures vanquished.

Vanquished Creatures (others)
  A ghost moth (Spider:4)
  An alligator (Swamp:4)
  A bloated husk (Swamp:4)
  2 vampire mosquitoes (Swamp:4)
  5 briar patches (Swamp:4)
  12 foxfires
  16 fungi
  224 plants
262 creatures vanquished.

Grand Total: 1493 creatures vanquished

Notes
Turn   | Place    | Note
-------+----------+-------------------------------------------
     0 | D:1      | Flugkiller the Minotaur Fighter began the quest for the
                  | Orb.
     0 | D:1      | Reached XP level 1. HP: 19/19 MP: 0/0
   373 | D:1      | Reached XP level 2. HP: 27/27 MP: 1/1
   943 | D:2      | Reached skill level 4 in Fighting
  1060 | D:2      | Noticed Terence
  1065 | D:2      | Killed Terence
  1066 | D:2      | Reached XP level 3. HP: 21/33 MP: 2/2
  1208 | D:2      | Noticed Sigmund
  1223 | D:2      | Killed Sigmund
  1224 | D:2      | Reached skill level 5 in Fighting
  1224 | D:2      | Reached skill level 5 in Armour
  1224 | D:2      | Reached XP level 4. HP: 14/42 MP: 3/3
  1224 | D:2      | Reached XP level 5. HP: 16/48 MP: 4/4
  2258 | D:3      | Found a faded altar of an unknown god.
  2265 | D:3      | Reached XP level 6. HP: 56/56 MP: 5/5
  2658 | D:4      | Reached skill level 5 in Axes
  2774 | D:4      | Identified the +11 rapier of Strategic Superiority {drain,
                  | *Slow Int+6}
  3111 | D:4      | Reached skill level 6 in Fighting
  3414 | D:5      | Entered Level 5 of the Dungeon
  3478 | D:5      | Found a staircase to the Ecumenical Temple.
  3618 | D:5      | Reached XP level 7. HP: 48/64 MP: 6/6
  3788 | Temple   | Entered the Ecumenical Temple
  3907 | Temple   | Became a worshipper of Gozag Ym Sagoz the Greedy
  4987 | D:6      | Reached skill level 7 in Fighting
  5051 | D:6      | Reached XP level 8. HP: 67/73 MP: 7/7
  5177 | D:6      | Noticed a two-headed ogre
  5186 | D:6      | Killed a two-headed ogre
  5187 | D:6      | Reached skill level 8 in Fighting
  5480 | D:6      | Reached XP level 9. HP: 47/82 MP: 3/8
  5688 | D:6      | Reached skill level 9 in Fighting
  5886 | D:6      | Noticed a cyclops
  5989 | D:6      | Killed a cyclops
  5990 | D:6      | Reached skill level 10 in Fighting
  5990 | D:6      | Reached skill level 10 in Armour
  6081 | D:6      | Reached skill level 10 in Axes
  6290 | D:6      | Reached XP level 10. HP: 74/94 MP: 5/9
  6961 | D:7      | Found a flagged portal.
  6977 | Bailey   | Entered a bailey
  6983 | Bailey   | Reached skill level 11 in Fighting
  7567 | Bailey   | Reached skill level 1 in Evocations
  7567 | Bailey   | Noticed Grum
  7597 | Bailey   | Killed Grum
  7984 | Bailey   | Identified the +1 leather armour of a ziggurat {Harm rC+
                  | Dex+2 Slay+3}
  8400 | D:7      | Found a basalt altar of Yredelemnul.
  9192 | D:7      | Reached skill level 5 in Evocations
  9892 | D:8      | Found an ancient bone altar of Kikubaaqudgha.
  9895 | D:8      | Found a sacrificial altar of Ru.
  9897 | D:8      | Found an iron altar of Okawaru.
  9909 | D:8      | Reached XP level 11. HP: 80/102 MP: 8/10
 10061 | D:8      | Noticed Pim's ghost (journeyman GnWn)
 10064 | D:8      | Found a transporter.
 10068 | D:8      | Found a transporter.
 10802 | D:9      | Identified the +6 long sword "Icrezxack" {venom, Str+5
                  | Stlth+}
 11586 | D:9      | Found Mokiraj's Specific Store.
 11586 | D:9      | Found Zusaam's General Store.
 11603 | D:9      | Bought a potion of lignification for 39 gold pieces
 11607 | D:9      | Bought a +2 cloak of poison resistance for 259 gold pieces
 11607 | D:9      | Bought a scroll of teleportation for 42 gold pieces
 11623 | D:9      | Identified 2 scrolls of acquirement
 11623 | D:9      | Acquired a +3 broad axe of draining
 11625 | D:9      | Acquired 992 gold pieces
 12054 | D:9      | Reached skill level 5 in Shields
 12200 | D:10     | Entered Level 10 of the Dungeon
 12355 | D:10     | Found a staircase to the Lair.
 12475 | D:10     | Noticed a two-headed ogre
 12480 | D:10     | Killed a two-headed ogre
 12578 | D:10     | Reached skill level 12 in Fighting
 13273 | D:11     | Found a staircase to the Orcish Mines.
 14314 | Lair:1   | Entered Level 1 of the Lair of Beasts
 14707 | Lair:1   | Found a dark tunnel.
 14716 | Volcano  | Entered a volcano
 14718 | Volcano  | Noticed a two-headed ogre
 14728 | Volcano  | Killed a two-headed ogre
 14817 | Volcano  | Reached XP level 12. HP: 82/113 MP: 7/11
 15347 | Lair:1   | Reached skill level 13 in Fighting
 15423 | Lair:1   | Noticed Erica
 15423 | Lair:1   | Noticed Maggie
 15433 | Lair:1   | Killed Erica
 15435 | Lair:1   | Killed Maggie
 16298 | Lair:2   | Noticed a catoblepas
 16308 | Lair:2   | Killed a catoblepas
 16309 | Lair:2   | Reached skill level 14 in Fighting
 16415 | Lair:2   | Found a frozen archway.
 16423 | Lair:2   | Reached skill level 15 in Fighting
 16448 | IceCv    | Entered an ice cave
 16585 | IceCv    | Reached skill level 16 in Fighting
 16753 | IceCv    | Reached XP level 13. HP: 111/130 MP: 12/12
 16920 | IceCv    | Reached skill level 17 in Fighting
 17626 | IceCv    | Reached skill level 18 in Fighting
 18535 | Lair:3   | Noticed Gastronok
 18545 | Lair:3   | Killed Gastronok
 18550 | Lair:3   | Reached skill level 1 in Dodging
 19153 | Lair:3   | Found a staircase to the Swamp.
 19800 | Lair:3   | Found a hole to the Spider Nest.
 20468 | Lair:4   | Found the +4 moon troll leather armour {Spirit, Regen++
                  | MP+5}
 20472 | Lair:4   | Reached skill level 15 in Axes
 20652 | Lair:4   | Found a viscous altar of Jiyva.
 20653 | Lair:4   | Found a staircase to the Slime Pits.
 20747 | Lair:4   | Reached skill level 10 in Shields
 20755 | Lair:4   | Noticed a fire dragon
 20765 | Lair:4   | Killed a fire dragon
 20766 | Lair:4   | Reached XP level 14. HP: 139/144 MP: 13/13
 20793 | Lair:4   | Identified the amulet of Soczu {rC+ Regen+ Str-2 Dex+3}
 20800 | Lair:4   | Identified the +5 quarterstaff of Doom {vorpal, *Slow Will+
                  | SInv}
 21093 | Lair:5   | Entered Level 5 of the Lair of Beasts
 21879 | Lair:5   | Reached skill level 5 in Dodging
 22727 | Orc:1    | Entered Level 1 of the Orcish Mines
 22964 | Orc:1    | Noticed an orc warlord
 22979 | Orc:1    | Killed an orc warlord
 23159 | Orc:2    | Entered Level 2 of the Orcish Mines
 23560 | Orc:2    | Found Hygifoim's Book Shoppe.
 23566 | Orc:2    | Paralysed by an orc sorcerer for 3 turns
 23607 | Orc:2    | Found Ilups's Distillery.
 23618 | Orc:2    | Bought a potion of heal wounds for 80 gold pieces
 23618 | Orc:2    | Bought a potion of heal wounds for 80 gold pieces
 23618 | Orc:2    | Bought a potion of mutation for 128 gold pieces
 23618 | Orc:2    | Bought a potion of cancellation for 128 gold pieces
 23618 | Orc:2    | Bought a potion of cancellation for 128 gold pieces
 23618 | Orc:2    | Bought a potion of cancellation for 128 gold pieces
 23631 | Orc:2    | Found an ancient bone altar of Kikubaaqudgha.
 23631 | Orc:2    | Noticed Nergalle
 23643 | Orc:2    | Killed Nergalle
 23700 | Orc:2    | Found a radiant altar of Vehumet.
 23747 | Orc:2    | Noticed Azrael
 23749 | Orc:2    | Found Woihig Botoxt's Antique Weapon Shoppe.
 23766 | Orc:2    | Killed Azrael
 23870 | Orc:2    | Found Nistuoz's Antique Armour Emporium.
 24329 | D:12     | Found a portal to a secret trove of treasure.
 24348 | D:12     | Reached XP level 15. HP: 145/150 MP: 14/14
 24439 | D:12     | Found a gate leading to a gauntlet.
 24444 | Gauntlet | Entered a Gauntlet
 24444 | Gauntlet | Found a transporter.
 24444 | Gauntlet | Found a transporter.
 24456 | Gauntlet | Found a transporter.
 24456 | Gauntlet | Found the ring of the Octopus King
 24474 | Gauntlet | Found a transporter.
 24474 | Gauntlet | Found a transporter.
 24474 | Gauntlet | Found a transporter.
 24476 | Gauntlet | Found a transporter.
 24476 | Gauntlet | Found a transporter.
 24488 | Gauntlet | Found a transporter.
 24504 | Gauntlet | Found a transporter.
 24514 | Gauntlet | Found a transporter.
 24529 | Gauntlet | Found a transporter.
 24564 | Gauntlet | Found a transporter.
 24564 | Gauntlet | Found the +5 robe of Misfortune {Harm *Corrode *Slow EV+5}
 24576 | Gauntlet | Found a transporter.
 24752 | Gauntlet | Identified the +2 pair of boots of the Orb {Dex+4}
 25243 | D:12     | Found a shimmering blue altar of Sif Muna.
 25394 | D:12     | Noticed a deep elf sorcerer
 25398 | D:12     | Killed a deep elf sorcerer
 25398 | D:12     | Noticed a deep elf sorcerer
 25401 | D:12     | Killed a deep elf sorcerer
 26406 | D:13     | Reached skill level 15 in Armour
 26409 | D:13     | Identified the +1 chain mail "Gefrum" {Int+4}
 26825 | D:14     | You fall into a shaft and drop 1 floor!
 26825 | D:15     | Entered Level 15 of the Dungeon
 26833 | D:15     | Noticed Jorgrun
 26858 | D:15     | Killed Jorgrun
 27012 | D:15     | Reached skill level 10 in Dodging
 27392 | D:15     | Reached XP level 16. HP: 82/159 MP: 15/15
 27531 | D:15     | Found a staircase to the Depths.
 28367 | D:14     | Reached XP level 17. HP: 166/166 MP: 16/16
 28608 | D:14     | Found a gate to the Vaults.
 28942 | Spider:1 | Entered Level 1 of the Spider Nest
 28955 | Spider:1 | Reached skill level 10 in Evocations
 29109 | Spider:1 | Reached skill level 19 in Fighting
 29724 | Spider:2 | Paralysed by a jorogumo for 2 turns
 29968 | Spider:3 | Noticed Nikola
 29982 | Spider:3 | Killed Nikola
 29995 | Spider:3 | Noticed Mara
 30000 | Spider:3 | Paralysed by a jorogumo for 1 turns
 30002 | Spider:3 | Noticed Flugkiller's illusion
 30024 | Spider:4 | Entered Level 4 of the Spider Nest
 30182 | Spider:4 | Reached skill level 20 in Fighting
 30182 | Spider:4 | Reached XP level 18. HP: 54/178 MP: 12/17
 31047 | Spider:4 | Got a gossamer rune of Zot
 31298 | Swamp:1  | Entered Level 1 of the Swamp
 31668 | Swamp:3  | Reached skill level 21 in Fighting
 31722 | Swamp:3  | Identified the +7 shortbow of Fuaneema {venom, rPois Int+4}
 31825 | Swamp:4  | Entered Level 4 of the Swamp
 32498 | Swamp:4  | Got a decaying rune of Zot
 32782 | Depths:1 | Entered Level 1 of the Depths
 32929 | Depths:1 | Reached skill level 22 in Fighting
 32935 | Depths:1 | Gained mutation: You are frail. (-10% HP) [a shining eye]
 32936 | Depths:1 | Found a gateway to Hell.
 32938 | Depths:1 | Gained mutation: You sometimes lose your temper in combat.
                  | [a shining eye]
 32946 | Depths:1 | Reached XP level 19. HP: 110/171 MP: 18/18
 32968 | Depths:1 | Lost mutation: You are frail. (-10% HP) [potion of
                  | mutation]
 32968 | Depths:1 | Lost mutation: You sometimes lose your temper in combat.
                  | [potion of mutation]
 32968 | Depths:1 | Gained mutation: Your muscles are strong. (Str +4, Int/Dex
                  | -1) [potion of mutation]
 32968 | Depths:1 | Gained mutation: You do not regenerate when monsters are
                  | visible. [potion of mutation]
 32968 | Depths:1 | Gained mutation: Your flesh is heat resistant. (rF+)
                  | [potion of mutation]
 33393 | Depths:1 | Noticed a caustic shrike
 33607 | Depths:1 | Identified the +9 quarterstaff "Widowmaker" {protect, rF+}
 33667 | Depths:2 | Noticed a juggernaut
 33687 | Depths:2 | Killed a juggernaut
 33811 | Depths:2 | Reached skill level 23 in Fighting
 34342 | Depths:2 | Found a one-way gate leading to the halls of Pandemonium.
 34386 | Depths:2 | Found a one-way gateway to a ziggurat.
 34870 | Depths:3 | Found a one-way gate to the infinite horrors of the Abyss.
 35172 | Depths:3 | Noticed a golden dragon
 35184 | Depths:3 | Killed a golden dragon
 35476 | Depths:3 | Found a radiant altar of Vehumet.
 35553 | Depths:3 | Reached skill level 24 in Fighting
 35602 | Depths:3 | Found Uzxyux's Antique Weapon Shop.
 35605 | Depths:3 | Found Nekh's Weapon Shop.
 35605 | Depths:3 | Found Caco's Magic Scroll Boutique.
 35611 | Depths:3 | Found Ynanopn's Assorted Antiques.
 35622 | Depths:3 | Bought a scroll of blinking for 315 gold pieces
 35622 | Depths:3 | Bought a scroll of brand weapon for 399 gold pieces
 35622 | Depths:3 | Bought a potion of heal wounds for 210 gold pieces
 35622 | Depths:3 | Bought a scroll of teleportation for 126 gold pieces
 35622 | Depths:3 | Bought a potion of mutation for 336 gold pieces
 35625 | Depths:3 | Bought a scroll of magic mapping for 90 gold pieces
 35737 | Depths:3 | Reached XP level 20. HP: 156/206 MP: 19/19
 36129 | Depths:4 | Entered Level 4 of the Depths
 36188 | Depths:4 | HP: 8/206 [something/bolt of lightning (34)]
 36188 | Depths:4 | Killed from afar by a black draconian knight

Illustrated notes

Levels and vault maps discovered:
D:1:      lightli_arrival_maybe_door_vault, layout_basic
D:2:      layout_loops_ring, uniq_terence, uniq_sigmund
D:3:      layout_basic, ebering_ecumenical_altar_box
D:4:      layout_loops_ring, chequers_serial_rivers_room_a
D:5:      layout_layer_cave, minmay_temple_entry_wispy
D:6:      lemuel_castle_with_subvaults [lemuel_castle_interior_carwin_3],
          layout_gridville, hangedman_decor_push
D:7:      layout_loops_ring, mainiacjoe_overflow_paths, enter_bailey_2,
          minmay_fractal_squares_gapless_5
D:8:      layout_cave_pools, grunt_temple_overflow_open, gammafunk_ghost_hive,
          hangedman_decor_diamond_cutter
D:9:      layout_irregular_city, nicolae_eternal_life, nicolae_specific_store,
          minmay_microvault, uniq_grum
D:10:     layout_loops_corners, lair_entry_dummy
D:11:     layout_loops_corners, erik_orc_4, chequers_serial_rivers_room_a
D:12:     evilmike_library_of_no_secrets, layout_loops_ring, enter_trove_2,
          gauntlet_entry_generic, nicolae_elevator_lobby_plus
D:13:     hangedman_arrow_trap, layout_stronghold, minmay_beelzebubs_servants
D:14:     layout_basic, david_vaults_5, kennysheep_crisscross
D:15:     hangedman_depths_entry_civil_slaughter, layout_rooms,
          minmay_joined_circles, uniq_jorgrun
Temple:   mainiacjoe_temple_coin_purse
Lair:1:   layout_cave_pods, nicolae_volcano_entry_batcave,
          chequers_serial_rivers_large_a, st_stairs_10, uniq_erica, uniq_maggie
Lair:2:   layout_cave_pods, portal_ice_cave_rime, beast_lair_carwin_2,
          grunt_megastairs_5, serial_bayou_shore_b
Lair:3:   layout_layer_cave, skrybe_swamp_entry_bodies,
          nicolae_spider_entry_orb_guardian, serial_bayou_shore_a,
          uniq_gastronok
Lair:4:   dragon1_lemuel, layout_big_grid, slime_entry_1, grunt_megastairs_1
Lair:5:   evilmike_catoblepas_cave, layout_small_grid, st_stairs_8
Swamp:1:  layout_basic_swamp, serial_swamp_ruin, hangedman_swamp_ruin_wall,
          evilmike_swamp_ruin_house_6, swamp_pool2
Swamp:2:  layout_falls_marsh, evilmike_swamp_ruin_house_1
Swamp:3:  layout_basic_swamp, evilmike_swamp_ruin_house_4
Swamp:4:  swamp_basic_johnstein, layout_basic_swamp, swamp_pool1
Spider:1: layout_spider_delve, beargit_elvish_explorers
Spider:2: layout_spider_delve, hangedman_stitches_earthworm
Spider:3: layout_spider_delve, uniq_mara, uniq_nikola
Spider:4: spider_rune_water, hangedman_spider_tarantella_strand
Orc:1:    layout_caves
Orc:2:    kennysheep_orc_mage_school, layout_caves, uniq_azrael
Depths:1: nicolae_legendary_halls, layout_honeycomb,
          nicolae_hell_entry_hellmouth_sunbeams, nrook_mini_vaults,
          kennysheep_dice
Depths:2: minmay_spriggan_fort, layout_small_grid, enter_ziggurat_a,
          hangedman_tar_grid_catacomb, rand_demon_pan_entry_7,
          grunt_decor_junction, infiniplex_staircase_zigzag_2, firewood_loft
Depths:3: minmay_outward_triangles, layout_twisted_cross, hell_entry,
          nrook_mini_backslash, abyss_entry, vehumet_crystals,
          infiniplex_staircase_door_maze, roderic_lattice_octagonal_star,
          minmay_shoptagon
Depths:4: grunt_zot_entry_gee_three, layout_basic, minmay_splitting_lines,
          hell_entry, solitary_fountain, nicolae_tso_carved_into_rock

Skill      XL: |  1  2  3  4  5  6  7  8  9 10 11 12 13 14 15 16 17 18 19 |
---------------+----------------------------------------------------------+-----
Fighting       | 4 5 6 7 8 10 11 12 16 18 20 22 24 | 24.1
Armour         | 4 5 6 7 8 10 11 12 13 15 16 19 21 | 21.9
Axes           | 3 4 5 6 8 10 11 13 14 15 16 | 16.0
Evocations     | 6 8 9 11 12 | 12.0
Shields        | 4 7 9 10 12 14 | 14.0
Dodging        | 3 7 10 11 | 11.7

Action                   |  1- 3 |  4- 6 |  7- 9 | 10-12 | 13-15 | 16-18 | 19-21 || total
-------------------------+-------+-------+-------+-------+-------+-------+-------++-------
Melee: War axe           |    38 |    53 |   102 |   125 |       |       |       ||   318
       Headbutt          |     2 |     8 |    25 |   123 |   219 |   231 |   116 ||   724
       Rapier            |       |    27 |    12 |       |       |       |       ||    39
       Battleaxe         |       |       |    34 |   156 |       |       |       ||   190
       Broad axe         |       |       |       |   291 |   884 |   918 |   364 ||  2457
       Punch             |       |       |       |     2 |       |       |       ||     2
Evoke: Wand              |       |       |       |     2 |     4 |     2 |       ||     8
       Condenser vane    |       |       |       |       |     1 |     1 |     3 ||     5
       Phial of floods   |       |       |       |       |       |     1 |       ||     1
       Tin of tremorston |       |       |       |       |       |     2 |     4 ||     6
  Use: Scroll            |       |       |     7 |    15 |     4 |     7 |     4 ||    37
       Potion            |       |       |     1 |       |     1 |     1 |     9 ||    12
 Stab: Distracted        |       |       |     2 |    11 |    12 |    15 |     4 ||    44
       Petrified         |       |       |       |     2 |    17 |       |       ||    19
       Petrifying        |       |       |       |       |     1 |       |       ||     1
       Held in net/web   |       |       |       |       |       |     2 |       ||     2
Armor: Scale mail        |    12 |    31 |       |       |       |       |       ||    43
       Plate armour      |       |    18 |    82 |   472 |   503 |   870 |   199 ||  2144
       Troll leather arm |       |       |       |       |    49 |       |       ||    49
Dodge: Dodged            |    24 |    27 |    54 |   248 |   365 |   602 |   183 ||  1503
Block: Buckler           |     4 |    16 |    27 |    63 |   144 |       |       ||   254
       Kite shield       |       |       |       |       |   250 |   919 |   281 ||  1450

Table legend: (Time is in decaauts)
 A = Elapsed time spent in this place.
 B = Non-inter-level travel time spent in this place.
 C = Inter-level travel time spent in this place.
 D = Time resting spent in this place.
 E = Time spent auto-exploring this place.
 F = Levels seen in this place.
 G = Mean time per level.
                   A        B        C        D        E       F      G
               +--------+--------+--------+--------+--------+-----+--------+
         Total |  36942 |  34828 |   2114 |   3201 |  24992 |  39 |  947.2 |
       Dungeon |  17829 |  16710 |   1119 |   1331 |  12980 |  15 | 1188.6 |
        Temple |    128 |    101 |     27 |      0 |     84 |   1 |  128.0 |
          Lair |   7393 |   6799 |    594 |    419 |   5498 |   5 | 1478.6 |
         Swamp |   1447 |   1370 |     77 |    302 |    450 |   4 |  361.8 |
   Spider Nest |   2445 |   2286 |    159 |    192 |   1252 |   4 |  611.2 |
  Orcish Mines |   1327 |   1289 |     38 |     48 |    948 |   2 |  663.5 |
        Depths |   3556 |   3459 |     97 |    493 |   2133 |   4 |  889.0 |
        Bailey |   1064 |   1064 |      0 |    383 |    461 |   1 | 1064.0 |
      Ice Cave |   1241 |   1241 |      0 |     32 |    957 |   1 | 1241.0 |
       Volcano |    133 |    133 |      0 |      0 |     76 |   1 |  133.0 |
      Gauntlet |    374 |    374 |      0 |      0 |    152 |   1 |  374.0 |
               +--------+--------+--------+--------+--------+-----+--------+

Top non-repeatable levels by time:
     D:6: 2112 daAuts
  Lair:3: 1917 daAuts
     D:7: 1809 daAuts
  Lair:1: 1807 daAuts
  Lair:5: 1516 daAuts
     D:9: 1433 daAuts
     D:5: 1390 daAuts
Depths:3: 1334 daAuts
  Lair:2: 1283 daAuts
   IceCv: 1241 daAuts
Spider:4: 1194 daAuts
Depths:2: 1193 daAuts
    D:12: 1172 daAuts
    D:11: 1167 daAuts
    D:15: 1135 daAuts
